 Dungeon Crawl Stone Soup version 0.21.1-1-g345015f (webtiles) character file.

121 goulibeur the Distorting Demonspawn (level 4, -2/35 HPs)
             Began as a Demonspawn Abyssal Knight on July 6, 2018.
             Was a Believer of Lugonu.
             Killed by nerve-wracking pain
             ... invoked by an orc priest
              (5 damage)
             ... on level 3 of the Dungeon.
             The game lasted 00:12:22 (2842 turns).

goulibeur the Distorting Demonspawn (DsAK)          Turns: 2842, Time: 00:12:23

Health: -2/35      AC:  8    Str: 12    XL:     4   Next: 76%
Magic:  7/7        EV: 10    Int: 14    God:    Lugonu [**....]
Gold:   109        SH:  4    Dex: 15    Spells: 3/3 levels left

rFire    + . .     SeeInvis +   o - -1 spear (curse)
rCold    . . .     Gourm    .   l - +0 buckler
rNeg     . . .     Faith    .   r - +2 ring mail {rF+}
rPois    .         Spirit   .   p - +0 helmet
rElec    .         Reflect  .   (no cloak)
rCorr    .         Harm     .   (no gloves)
MR       .....                  (no boots)
Stlth    +.........             (no amulet)
HPRegen  0.11/turn              d - ring of see invisible
MPRegen  0.10/turn              (no ring)

@: no status effects
A: talons 1, thin skeletal structure 1
a: Depart the Abyss, Bend Space, Renounce Religion


You were on level 3 of the Dungeon.
You worshipped Lugonu.
Lugonu was pleased with you.
You were not hungry.

You visited 1 branch of the dungeon, and saw 3 of its levels.
You visited the Abyss 1 time.

You collected 109 gold pieces.

Inventory:

Hand Weapons
 a - a +1 short sword
 o - a cursed -1 spear (weapon)
Armour
 f - a +0 chain mail
 l - a +0 buckler (worn)
 p - a +0 helmet (worn)
 r - a +2 ring mail of fire resistance (worn)
Jewellery
 d - a ring of see invisible (left hand)
Scrolls
 g - 2 scrolls of teleportation {unknown}
 h - a scroll of magic mapping {unknown}
 k - a scroll of remove curse {unknown}
 m - 2 scrolls of fear {unknown}
Potions
 b - a potion of cancellation {unknown}
 e - 2 potions of flight {unknown}
 i - a potion of agility {unknown}
 j - 2 potions of mutation {unknown}
 q - a potion of degeneration {unknown}
 s - a potion of magic {unknown}
Comestibles
 c - 4 rations
 n - a chunk of flesh


   Skills:
 + Level 3.5 Fighting
 - Level 1.7 Short Blades
 + Level 2.4 Armour
 + Level 1.9 Dodging
 + Level 0.9 Shields
 * Level 4.4 Invocations


You had 3 spell levels left.
You didn't know any spells.

Dungeon Overview and Level Annotations

Branches:
Dungeon (3/15)

Altars:

Annotations:
D:2 Sigmund


Innate Abilities, Weirdness & Mutations

You have sharp toenails.
You have a somewhat thin skeletal structure. (Dex +2, Stealth)


Message History

Your kick misses the orc priest.
The orc priest is moderately wounded.
The orc priest invokes the aid of Beogh against you.
Beogh smites you!
An orc comes into view. It is wielding a flail.
The orc shouts!
You hear a shout!
You closely miss the orc priest.
The orc priest is moderately wounded.
The orc priest invokes the aid of Beogh against you.
Beogh smites you!
* * * LOW HITPOINT WARNING * * *
You hit the orc priest. Your kick misses the orc priest.
The orc priest is heavily wounded.
The orc priest looks encouraged for a moment.
The orc priest closely misses you.
You hit the orc priest but do no damage.
The orc priest is heavily wounded.
The orc priest mumbles some strange prayers to Beogh against you.
Pain shoots through your body!
You die...

.....
........#.#.#...#
..... #...<........#
....#
#....#..#.......#
.o..#
#.............#.#
....# #
#####.#####.#.# ....#
..#####.#.# ....#
####....#..
....####'#######.####
. .......o.......#@#
###...........(#o#
#........o...oo#
#...........o###
#...########### #...#
#...# #...#


You could see 2 orc priests and 2 orcs.

Vanquished Creatures
  Terence (D:2)
  Robin (D:2)
  2 adders
  2 dart slugs (D:1)
  3 leopard geckos
  6 bats
  2 giant cockroaches (D:1)
  12 goblins
  9 hobgoblins
  3 jackals (D:2)
  A ball python (D:1)
  4 frilled lizards (D:1)
  4 kobolds (D:1)
  6 rats
56 creatures vanquished.

Notes
Turn   | Place    | Note
-------+----------+-------------------------------------------
     0 | Abyss:1  | goulibeur the Demonspawn Abyssal Knight began the quest for the Orb.
     0 | Abyss:1  | Reached XP level 1. HP: 18/18 MP: 2/2
   148 | D:1      | Escaped the Abyss
   204 | D:1      | Reached skill level 1 in Dodging
   296 | D:1      | Reached * piety under Lugonu
   391 | D:1      | Gained mutation: You have a somewhat thin skeletal structure. (Dex +2, Stealth) [demonic ancestry]
   391 | D:1      | Reached XP level 2. HP: 15/24 MP: 4/4
   395 | D:1      | Reached skill level 3 in Invocations
  1244 | D:1      | Reached XP level 3. HP: 29/29 MP: 5/5
  2009 | D:2      | Reached ** piety under Lugonu
  2103 | D:2      | Noticed Robin
  2105 | D:2      | Noticed Terence
  2153 | D:1      | Gained mutation: You have sharp toenails. [demonic ancestry]
  2153 | D:1      | Reached XP level 4. HP: 14/35 MP: 6/6
  2356 | D:2      | Killed Robin
  2356 | D:2      | Reached skill level 4 in Invocations
  2364 | D:2      | Killed Terence
  2730 | D:2      | Noticed Sigmund
  2842 | D:3      | Killed from afar by an orc priest

Skill      XL: |  1  2  3  4 |
---------------+-------------+-----
Dodging        | 1 |  1.9
Armour         | 2 |  2.4
Invocations    | 3 4 |  4.4
Fighting       | |  3.5
Short Blades   | |  1.7
Shields        | |  0.9

Action                   |  1- 3 |  4- 6 || total
-------------------------+-------+-------++-------
Melee: Short sword       |   159 |    20 ||   179
       Spear             |       |    27 ||    27
       Kick              |       |    13 ||    13
Invok: Depart the Abyss  |     1 |       ||     1
 Stab: Sleeping          |     2 |       ||     2
  Eat: Chunk             |     4 |     2 ||     6
Armor: Leather armour    |    41 |     1 ||    42
       Chain mail        |       |     3 ||     3
       Ring mail         |       |     1 ||     1
Dodge: Dodged            |    92 |    18 ||   110
Block: Buckler           |    10 |     8 ||    18
